AoeStats
← Zathao1993

Oasis

507580561Analyzed
3v3 RM · 15d ago on Sep 18, 2026· 48m 27s· 6 players
Game mode
Random Map
Map size
Normal (6 player)
Population
200
Speed
Normal
Resources
Standard
Victory
Conquest
Starting age
Dark Age
Ending age
Imperial Age
RankedLock teamsTeams togetherTeam positionsShared explorationLock speedFull tech treeHidden civsTurbo modeCheats
Victory
Defeat
🇧🇷 Maya · Brazil
1293
+13
🇧🇷 Saracens · Brazil
1248
+15
🇧🇷 Shu · Brazil
910
+27
🇳🇱 Mongols · Netherlands
1280
-21
🇺🇸 Slavs · United States
1197
-18
🇬🇧 Georgians · United Kingdom
1151
-16
ScrotasticNutz
4:54 Loom
10:50 Feudal Age
12:10 Double-Bit Axe
12:39 Man-at-Arms
19:10 Castle Age
19:36 Pikeman
19:56 Elite Skirmisher
26:34 Padded Archer Armor
26:25 Fletching
.I.
5:15 Loom
8:03 Feudal Age
8:39 Double-Bit Axe
10:41 Horse Collar
20:47 Castle Age
Lothar of the Hill People
8:20 Loom
11:35 Feudal Age
16:01 Castle Age
14:01 Horse Collar
14:10 Double-Bit Axe
17:49 Pikeman
26:24 Scale Barding Armor
26:38 Forging
28:59 Husbandry
31:03 Bloodlines
38:09 Heavy Plow
Zathao1993
6:15 Loom
9:10 Feudal Age
11:19 Double-Bit Axe
21:30 Castle Age
22:06 Bloodlines
22:27 Bow Saw
22:28 Husbandry
22:45 Forging
22:41 Scale Barding Armor
25:03 Chain Barding Armor
25:19 Iron Casting
25:28 Gold Mining
Pikachu Pay
7:25 Loom
10:32 Feudal Age
11:18 Double-Bit Axe
16:14 Fletching
18:21 Horse Collar
23:28 Wheelbarrow
23:27 Padded Archer Armor
26:30 Castle Age
25:44 Gold Mining
26:52 Crossbowman
27:38 Thumb Ring
27:31 Bodkin Arrow
27:52 Leather Archer Armor
37:05 Imperial Age
35:40 Stone Mining
36:25 Gold Shaft Mining
37:13 Ballistics
38:48 Fervor
39:39 Bow Saw
39:51 Bracer
40:54 Chemistry
40:46 Ring Archer Armor
40:28 Arbalester
45:38 Town Watch
45:23 Spies/Treason
47:24 Bolt Magazine
TROVÃO DO OESTE
0:27 Loom
9:28 Feudal Age
11:16 Town Watch
16:39 Fletching
19:30 Scale Mail Armor
19:41 Forging
20:47 Horse Collar
25:02 Castle Age
23:59 Double-Bit Axe
25:07 Crossbowman
25:55 Thumb Ring
26:54 Chain Mail Armor
27:40 Bodkin Arrow
27:54 Eagle Warrior
28:59 Gold Mining
30:47 Wheelbarrow
31:29 Iron Casting
30:56 Arson
31:11 Squires
35:22 Bow Saw
37:50 Imperial Age
35:37 Stone Mining
36:23 Ballistics
36:03 Pikeman
37:19 Hand Cart
37:35 Heavy Plow
37:41 Padded Archer Armor
38:57 Town Patrol
39:59 Arbalester
41:18 Conscription
40:48 Halberdier
42:49 Bracer
43:04 Leather Archer Armor
43:50 Blast Furnace
43:20 Plate Mail Armor
44:03 Chemistry
43:40 Capped Ram
45:27 Ring Archer Armor
44:21 Elite Eagle Warrior
44:23 Man-at-Arms
47:18 Masonry
46:48 Treadmill Crane
46:32 Long Swordsman
47:34 Sanctity
47:16 Atonement
46:46 Elite Skirmisher
47:59 Crop Rotation
48:34 Two-Man Saw
47:13 Siege Ram
47:20 Siege Ram
47:47 Spies/Treason
Connection lost

Rejoining the realm…

Still unreachable

The connection could not be restored.

Session expired

The server has moved on; the page needs a fresh start.